 Dungeon Crawl Stone Soup version 0.28-a0-1130-gc51a68064b (webtiles) character file.

Game seed: 10267764283395491359

4085 rogsnak the Destroyer (level 10, -8/68 HPs)
             Began as a Demonspawn Air Elementalist on Dec 12, 2021.
             Mangled by a cyclops (30 damage)
             ... on level 8 of the Dungeon.
             The game lasted 00:34:41 (8626 turns).

rogsnak the Destroyer (Demonspawn Air Elementalist) Turns: 8626, Time: 00:34:42

Health: -8/68      AC:  3    Str:  9    XL:     10   Next: 5%
Magic:  4/20       EV: 16    Int: 21    God:
Gold:   549        SH:  4    Dex: 13    Spells: 12/23 levels left

rFire   . . .      SeeInvis .   U - +4 great sword
rCold   + . .      Faith    .   (shield currently unavailable)
rNeg    . . .      Spirit   .   n - +0 animal skin
rPois   .          Reflect  .   (helmet restricted)
rElec   .          Harm     .   (no cloak)
rCorr   .          Rampage  .   (no gloves)
Will    +....                   B - +0 pair of boots
Stlth   ++........              j - amulet of regeneration
HPRegen 1.01/turn               w - ring of willpower
MPRegen 0.34/turn               C - ring of protection from cold

@: no status effects
A: antennae 1, repulsion field 2, magic regeneration, condensation shield
a: no special abilities


You were on level 8 of the Dungeon.
You visited 2 branches of the dungeon, and saw 9 of its levels.
You also visited: Sewer and Ossuary.

You collected 549 gold pieces.

Inventory:

Hand Weapons
 c - a +0 spear
 i - a +0 great sword
 p - a +0 vorpal flail
 x - a +0 dagger of speed
 N - a +3 shortbow
 U - a +4 great sword (weapon)
 W - a +0 scimitar of flaming
Missiles
 a - 90 arrows
 b - 213 stones
 u - 7 boomerangs
 v - 15 poisoned darts
Armour
 m - a +0 helmet
 n - a +0 animal skin (worn)
 B - a +0 pair of boots (worn)
 T - a +1 scale mail of fire resistance
Jewellery
 e - an amulet of reflection
 j - an amulet of regeneration (around neck)
 w - a ring of willpower (left hand)
 y - an amulet of faith
 C - a ring of protection from cold (right hand)
 V - a ring of fire
Wands
 R - a wand of iceblast (4)
Scrolls
 d - a scroll of brand weapon {unknown}
 f - 2 scrolls of magic mapping {unknown}
 h - 14 scrolls of identify {unknown}
 l - a scroll of blinking {unknown}
 o - 8 scrolls of teleportation {unknown}
 q - 3 scrolls of fog {unknown}
 r - a scroll of vulnerability {unknown}
 s - 5 scrolls of fear {unknown}
 A - a scroll of silence {unknown}
 K - a scroll of noise {unknown}
 L - a scroll of holy word {unknown}
 O - a scroll of enchant weapon {unknown}
 P - a scroll of amnesia {unknown}
Potions
 g - 3 potions of degeneration {unknown}
 k - 2 potions of might {unknown}
 t - 2 potions of flight {unknown}
 z - a potion of ambrosia {unknown}
 E - 3 potions of curing {unknown}
 F - 2 potions of lignification {unknown}
 G - a potion of cancellation {unknown}
 H - a potion of resistance
 I - 2 potions of heal wounds {unknown}
 J - a potion of berserk rage {unknown}
 M - a potion of haste {unknown}
 Q - a potion of invisibility {unknown}
 S - a potion of brilliance {unknown}
Miscellaneous
 D - a piece from Xom's chessboard (15/15)


   Skills:
 + Level 2.4 Fighting
 + Level 3.6 Dodging
 - Level 1.7 Stealth
 + Level 1.2 Shields
 + Level 7.2 Spellcasting
 * Level 9.3 Conjurations
 + Level 6.7 Air Magic
 + Level 0.3 Evocations


You had 12 spell levels left.
You knew the following spells:

 Your Spells              Type           Power      Damage    Failure   Level
a - Shock                 Conj/Air       100%       1d9       1%          1
b - Swiftness             Air            36%        N/A       1%          3
c - Airstrike             Air            18%        N/A       5%          4
d - Mephitic Cloud        Conj/Pois/Air  30%        N/A       2%          3

Your spell library contained the following spells:

 Spells                   Type           Power      Damage    Failure   Level
 Static Discharge         Conj/Air       41%        N/A       1%          2
 Summon Lightning Spire   Summ/Air       21%        N/A       22%         4
 Ignite Poison            Fire/Tmut/Pois 7%         N/A       26%         3
 Freezing Cloud           Conj/Ice/Air   15%        6-21      26%         5
 Simulacrum               Ice/Necr       3%         N/A       100%        6
 Storm Form               Tmut/Air       10%        N/A       100%        7
 Maxwell's Capacitive Co  Air            18%        ∞         100%        8
 Polar Vortex             Ice            3%         N/A       100%        9


Dungeon Overview and Level Annotations

Branches:
Dungeon (8/15)             Temple (1/1) D:7           Sewer (visited)
Ossuary (visited)
   Lair: D:8-11

Altars:
Ashenzari
Cheibriados
Dithmenos
Elyvilon
Fedhas
Gozag
Hepliaklqana
Kikubaaqudgha
Makhleb
Nemelex Xobeh
Okawaru
Qazlal
Ru
Trog
Uskayaw
Vehumet
Zin
The Shining One

Annotations:
D:5 2 transporters, RepHenryClay's ghost, amateur OpVM
D:8 Joseph


Innate Abilities, Weirdness & Mutations

You have a pair of small antennae on your head.
You are surrounded by a moderate repulsion field. (EV +3)
You regenerate magic rapidly.
A meltable shield of frost defends you. (SH +4)


Message History

The zap hits the cyclops.
The cyclops is moderately wounded.
The zap hits the cyclops.
The cyclops is moderately wounded.
The cyclops is engulfed in noxious fumes.
The cyclops hits you!!
* * * LOW HITPOINT WARNING * * *
Unknown command.
Unknown command.
Casting: Shock (safe; 1% risk of failure)
Confirm with . or Enter, or press ? or * to list all spells.
Aiming: Airstrike (dangerous; 5% risk of failure)
Press: ? - help, Dir - move target, f - cyclops
Aim: a cyclops, quivering large rocks (noxious fumes, moderately wounded, empty space bonus: 5/8)
Okay, then.
Casting: Airstrike (dangerous; 5% risk of failure)
Confirm with . or Enter, or press ? or * to list all spells.
Aiming: Airstrike (dangerous; 5% risk of failure)
Press: ? - help, Dir - move target, f - cyclops
Aim: a cyclops, quivering large rocks (noxious fumes, moderately wounded, empty space bonus: 5/8)
The air twists around and strikes the cyclops!
The cyclops is severely wounded.
Unknown command.
Unknown command.
Unknown command.
Casting: Airstrike (dangerous; 5% risk of failure)
Confirm with . or Enter, or press ? or * to list all spells.
Aiming: Shock (safe; 1% risk of failure)
Press: ? - help, Shift-Dir - straight line, p - cyclops
Okay, then.
Casting: Shock (safe; 1% risk of failure)
Confirm with . or Enter, or press ? or * to list all spells.
Aiming: Mephitic Cloud (dangerous; 2% risk of failure)
Press: ? - help, Shift-Dir - straight line, p - cyclops The ball explodes into a vile cloud!
The stinking cloud engulfs the cyclops but does no damage.
The cyclops is severely wounded.
The cyclops is engulfed in noxious fumes.
The cyclops appears confused.
The cyclops hits you!!
You die...

†.## .## ## # ###### ###
#....# ..######## #....#
...#.....# #.§○.#
.........### #.☼☼§#
...........# #@C°.#
#........#.# ###.## .
#........#.### ##.###....
#............####....)..>.
.....#.##.........###.....
##.......###..###.........
#..#.#..........C###.....
#..#.#..###..###...##....
#..#.##..##.#####C.......


You could see a cyclops (confused).

Vanquished Creatures
  Erica (D:8)
  A steam dragon (D:8)
  A water moccasin (D:6)
  A sky beast (D:7)
  3 orc warriors
  A black bear (D:7)
  A hornet zombie (D:5)
  An ice beast (D:5)
  2 necrophages (D:5)
  2 centaurs (D:7)
  2 phantoms
  4 bullfrogs
  A scorpion (D:6)
  7 killer bees
  4 wights
  A howler monkey (D:5)
  A centaur zombie (D:8)
  3 bullfrog skeletons (D:5)
  A centaur skeleton (D:7)
  2 human zombies (Ossuary)
  4 orc priests
  4 hounds
  6 iguanas
  Natasha (thrice) (D:2)
  Terence (D:2)
  7 orc wizards
  3 hound zombies (Ossuary)
  A hound skeleton (D:5)
  4 mummies (Ossuary)
  Robin (D:2)
  9 adders
  2 river rats (D:5)
  A shadow imp (D:7)
  A white imp (D:6)
  2 ufetubi
  2 adder skeletons (D:4)
  2 worms (D:5)
  A dart slug (D:5)
  31 orcs
  6 endoplasms
  9 giant cockroaches
  A gnoll zombie (Ossuary)
  15 goblins
  11 hobgoblins
  3 jackals (D:4)
  3 quokkas
  8 ball pythons
  5 bats
  10 frilled lizards
  A goblin zombie (Ossuary)
  3 hobgoblin zombies (Ossuary)
  A jackal zombie (Ossuary)
  5 kobolds
  A kobold zombie (Ossuary)
  3 rats
210 creatures vanquished.

Vanquished Creatures (collateral kills)
  A killer bee (D:8)
1 creature vanquished.

Grand Total: 211 creatures vanquished

Notes
Turn   | Place    | Note
-------+----------+-------------------------------------------
     0 | D:1      | rogsnak the Demonspawn Air Elementalist began the quest for
                  | the Orb.
     0 | D:1      | Reached XP level 1. HP: 13/13 MP: 3/3
   205 | D:1      | Found a faded altar of an unknown god.
   517 | D:1      | Gained mutation: You regenerate magic rapidly. [demonic
                  | ancestry]
   517 | D:1      | Reached XP level 2. HP: 19/19 MP: 0/5
   840 | D:2      | Noticed Robin
   840 | D:2      | Noticed Natasha
  1149 | D:2      | Noticed Terence
  1213 | D:2      | Gained mutation: You are surrounded by a mild repulsion
                  | field. (EV +2) [demonic ancestry]
  1213 | D:2      | Reached XP level 3. HP: 23/24 MP: 0/6
  1311 | D:2      | Reached skill level 2 in Conjurations
  1319 | D:2      | Killed Natasha
  1354 | D:2      | Noticed Natasha
  1369 | D:2      | Killed Natasha
  1370 | D:2      | Reached XP level 4. HP: 16/30 MP: 2/8
  1378 | D:2      | Noticed Natasha
  1636 | D:2      | Killed Natasha
  1855 | D:2      | Killed Terence
  1856 | D:2      | Reached skill level 3 in Conjurations
  1856 | D:2      | Reached XP level 5. HP: 34/35 MP: 1/9
  1978 | D:2      | Killed Robin
  2228 | D:2      | Learned a level 3 spell: Swiftness
  2233 | D:2      | Learned a level 4 spell: Airstrike
  3058 | D:4      | Noticed a phantom
  3069 | D:4      | Killed a phantom
  3070 | D:4      | Gained mutation: You have a pair of small antennae on your
                  | head. [demonic ancestry]
  3070 | D:4      | Reached XP level 6. HP: 42/42 MP: 1/11
  3185 | D:4      | Reached skill level 4 in Conjurations
  3395 | D:4      | Found a broken altar of Ashenzari.
  3472 | D:4      | Found an opulent altar of Gozag.
  4109 | D:5      | Entered Level 5 of the Dungeon
  4126 | D:5      | Noticed an ice beast
  4145 | D:5      | Killed an ice beast
  4146 | D:5      | Gained mutation: You are surrounded by a moderate repulsion
                  | field. (EV +3) [demonic ancestry]
  4146 | D:5      | Reached XP level 7. HP: 39/47 MP: 2/12
  4257 | D:5      | Found a glowing drain.
  4264 | Sewer    | Entered a sewer
  4343 | Sewer    | Reached skill level 5 in Conjurations
  4562 | D:5      | Found a snail-covered altar of Cheibriados.
  4579 | D:5      | Found a transporter.
  4579 | D:5      | Noticed RepHenryClay's ghost (amateur OpVM)
  4581 | D:5      | Found a sand-covered staircase.
  4590 | Ossuary  | Entered an ossuary
  4643 | Ossuary  | Reached skill level 1 in Fighting
  4892 | D:5      | Found a transporter.
  4969 | D:5      | Reached XP level 8. HP: 38/54 MP: 10/15
  5010 | D:5      | Reached skill level 5 in Spellcasting
  5010 | D:5      | Reached skill level 6 in Conjurations
  5101 | D:5      | Reached skill level 5 in Air Magic
  5520 | D:6      | Learned a level 3 spell: Mephitic Cloud
  5840 | D:6      | Reached skill level 7 in Conjurations
  6426 | D:7      | Gained mutation: A meltable shield of frost defends you.
                  | (SH +4) [demonic ancestry]
  6426 | D:7      | Reached XP level 9. HP: 61/61 MP: 16/18
  6553 | D:7      | Found a staircase to the Ecumenical Temple.
  6562 | Temple   | Entered the Ecumenical Temple
  6881 | D:7      | Found a stormy altar of Qazlal.
  6897 | D:7      | Reached skill level 8 in Conjurations
  7385 | D:8      | Noticed Erica
  7385 | D:8      | Found a hazy altar of Hepliaklqana.
  7466 | D:8      | Noticed Joseph
  7896 | D:8      | Noticed a cyclops
  8342 | D:7      | Reached skill level 9 in Conjurations
  8402 | D:7      | Reached skill level 1 in Shields
  8502 | D:8      | Found a burning altar of Makhleb.
  8594 | D:8      | Killed Erica
  8595 | D:8      | Reached XP level 10. HP: 65/68 MP: 7/20
  8626 | D:8      | Mangled by a cyclops

Illustrated notes

Levels and vault maps discovered:
D:1:      dpeg_arrival_concentric_ovals, layout_basic,
          shapermc_ecumenical_altar_totnotflames
D:2:      layout_rooms, uniq_robin, uniq_natasha, uniq_terence
D:3:      layout_basic, good_gods_mini_temple
D:4:      layout_cave_pods, lemuel_doored_altar, nicolae_ashenzari_panopticon
D:5:      layout_basic, kennysheep_slug_shrine, lightli_sewer_entry_pipes,
          gammafunk_ghost_mausoleum, enter_ossuary_3, kennysheep_generic_room_3
D:6:      layout_gridville
D:7:      layout_loops_corners, nicolae_overflow_crystal_walls, temple_statues
D:8:      layout_rooms, overflow_temple_1_default, makhleb_blood_cavern_becter,
          uniq_joseph, uniq_erica
Temple:   compressed_dpeg_triangle_lava_temple

Skill      XL: |  1  2  3  4  5  6  7  8  9 |
---------------+----------------------------+-----
Air Magic      | 3 4 5 6 |  6.7
Conjurations   | 2 3 4 5 7 9 |  9.3
Dodging        | 2 3 |  3.6
Spellcasting   | 3 4 6 7 |  7.2
Fighting       | 1 2 |  2.4
Shields        | 1 |  1.2
Stealth        | |  1.7
Evocations     | |  0.3

Action                   |  1- 3 |  4- 6 |  7- 9 | 10-12 || total
-------------------------+-------+-------+-------+-------++-------
Melee: Spear             |    27 |    10 |       |       ||    37
       Flail             |       |     8 |    62 |       ||    70
       Great sword       |       |       |    22 |     1 ||    23
 Cast: Shock             |    56 |   154 |   288 |     1 ||   499
       Mephitic Cloud    |       |       |    23 |     3 ||    26
       Airstrike         |       |       |    12 |     1 ||    13
Evoke: Piece from Xom's  |       |       |     4 |       ||     4
 Stab: Paralysed         |       |       |     2 |       ||     2
       Confused          |       |       |     4 |       ||     4
Armor: Robe              |     9 |     2 |       |       ||    11
       Animal skin       |       |     2 |    50 |       ||    52
Dodge: Dodged            |    32 |    43 |   228 |     1 ||   304
Block: Other             |    10 |     2 |    28 |       ||    40

Table legend: (Time is in decaauts)
 A = Elapsed time spent in this place.
 B = Non-inter-level travel time spent in this place.
 C = Inter-level travel time spent in this place.
 D = Time resting spent in this place.
 E = Time spent auto-exploring this place.
 F = Levels seen in this place.
 G = Mean time per level.
                   A        B        C        D        E       F      G
               +--------+--------+--------+--------+--------+-----+--------+
         Total |   8764 |   8567 |    197 |   1357 |   3872 |  11 |  796.7 |
       Dungeon |   8170 |   7973 |    197 |   1296 |   3836 |   8 | 1021.2 |
        Temple |     70 |     70 |      0 |      0 |      0 |   1 |   70.0 |
         Sewer |    250 |    250 |      0 |      0 |      0 |   1 |  250.0 |
       Ossuary |    272 |    272 |      0 |     61 |     36 |   1 |  272.0 |
               +--------+--------+--------+--------+--------+-----+--------+

Top non-repeatable levels by time:
     D:7: 1992 daAuts
     D:1: 1181 daAuts
     D:2: 1141 daAuts
     D:4: 1111 daAuts
     D:5: 982 daAuts
     D:6: 771 daAuts
     D:3: 682 daAuts
     D:8: 307 daAuts
 Ossuary: 272 daAuts
   Sewer: 250 daAuts
  Temple: 70 daAuts
